 Dungeon Crawl Stone Soup version 0.28.0-47-ge53b351184 (webtiles) character file.

Game seed: 1419215652013559087

9347 boopmooplesden the Carver (level 11, -4/101 HPs)
             Began as a Minotaur Berserker on Apr 28, 2022.
             Was an Elder of Trog.
             Slain by an unseen horror (5 damage)
             ... on level 10 of the Dungeon.
             The game lasted 00:13:38 (10108 turns).

boopmooplesden the Carver (Minotaur Berserker)     Turns: 10108, Time: 00:13:39

Health: -4/101     AC: 10    Str: 23    XL:     11   Next: 21%
Magic:  10/10      EV: 14    Int:  7    God:    Trog [****..]
Gold:   390        SH:  0    Dex: 13    Spells: 10/10 levels left

rFire   . . .      SeeInvis .   t - +6 long sword of Foul Odours {vorpal, rN+ Int+3}
rCold   + . .      Faith    .   (no shield)
rNeg    + . .      Spirit   .   C - +0 steam dragon scales
rPois   .          Reflect  .   (helmet restricted)
rElec   .          Harm     .   p - +0 cloak
rCorr   .          Rampage  .   (no gloves)
Will    .....                   d - +1 pair of boots
Stlth   +++.......              (no amulet)
HPRegen 0.26/turn               s - ring of protection from cold
MPRegen 0.12/turn               (no ring)

@: on berserk cooldown, slowed, very slow
A: horns 2, retaliatory headbutt
a: Renounce Religion, Berserk, Trog's Hand, Brothers in Arms


You were on level 10 of the Dungeon.
You worshipped Trog.
Trog was greatly pleased with you.
You visited 1 branch of the dungeon, and saw 10 of its levels.
You also visited: Sewer.

You collected 390 gold pieces.

Inventory:

Hand Weapons
 a - a +0 falchion of venom
 l - a +6 rapier of venom
 o - a +2 broad axe of venom
 t - the +6 long sword of Foul Odours (weapon) {vorpal, rN+ Int+3}
   (You found it on level 4 of the Dungeon)

   It inflicts extra damage upon your enemies.
   Int:       It affects your intelligence (+3).
   rN:        It protects you from negative energy.
Missiles
 g - 7 javelins (quivered)
 i - 3 throwing nets
Armour
 b - a +2 troll leather armour {Snorg}
 d - a +1 pair of boots (worn)
 p - a +0 cloak (worn)
 w - a +0 chain mail
 C - +0 steam dragon scales (worn)
 D - the +0 leather armour "Zakhel" {Int+9 Dex-5}
   (You found it on level 9 of the Dungeon)

   Int:       It affects your intelligence (+9).
   Dex:       It affects your dexterity (-5).
 G - +0 acid dragon scales
Jewellery
 s - a ring of protection from cold (left hand)
Wands
 r - a wand of iceblast (8)
 v - a wand of paralysis (5)
Scrolls
 c - a scroll of enchant weapon
 e - 5 scrolls of identify
 k - a scroll of torment
 n - 3 scrolls of magic mapping
 q - 3 scrolls of teleportation
Potions
 f - a potion of berserk rage
 h - 3 potions of curing {unknown}
 j - 3 potions of might
 m - 2 potions of resistance
 u - 2 potions of heal wounds
 x - 2 potions of mutation {unknown}
 z - a potion of brilliance {unknown}
 A - 2 potions of magic {unknown}
 B - 2 potions of haste {unknown}
 E - a potion of lignification {unknown}
Miscellaneous
 F - a condenser vane


   Skills:
 + Level 10.5 Fighting
 + Level 13.4 Long Blades
 + Level 3.4 Axes
 + Level 0.3 Throwing
 + Level 9.4 Armour
 + Level 6.7 Dodging
 + Level 4.1 Stealth


You had 10 spell levels left.
You didn't know any spells.
Your spell library was empty.

Dungeon Overview and Level Annotations

Branches:
Dungeon (10/15)            Temple (0/1) D:6           Sewer (visited)
   Lair: D:8-11         Orc: D:9-12

Altars:
Ashenzari
Elyvilon
Kikubaaqudgha
Makhleb
Trog
Uskayaw
Wu Jian
Yredelemnul
The Shining One

Shops:
D:1 :   D:6 [   D:8 :


Innate Abilities, Weirdness & Mutations

You have a pair of horns on your head.
You reflexively headbutt those who attack you in melee.


Message History

Something hits you but does no damage.
The centaur warrior zombie barely misses you.
You furiously retaliate!
You headbutt the centaur warrior zombie!
You destroy the centaur warrior zombie!
Trog accepts your kill. Something hits you but does no damage.
You feel a strong urge to attack something.
Something hits you but does no damage.
Things that are here:
a +2 troll leather armour {Snorg}; the troll corpse of Snorg
b - a +2 troll leather armour {Snorg} Something hits you!
* * * LOW HITPOINT WARNING * * *
You slash something! Your headbutt misses something. Something hits you!
* * * LOW HITPOINT WARNING * * *
You closely miss something. Your headbutt misses something.
Something barely misses you.
You are no longer berserk.
You are exhausted.
You feel yourself slow down. Something completely misses you.
You start to feel less resistant.
Something hits you.
* * * LOW HITPOINT WARNING * * *
Something hits you but does no damage. Something hits you but does no damage.
Something hits you.
* * * LOW HITPOINT WARNING * * *
Something hits you but does no damage.
Your resistance to elements expires.
Something hits you but does no damage. Something barely misses you.
You closely miss something. Something hits you.
* * * LOW HITPOINT WARNING * * *
Something hits you but does no damage. Something hits you!
* * * LOW HITPOINT WARNING * * *
Something hits you.
* * * LOW HITPOINT WARNING * * *
Something hits you.
You die...

# #..............
##.#...#.#..$.....
#.#...<..#.#........
..........#.....#..###
>....................
.......##...†##.# .# #
.#+##......_....#.#...
#.###............# #.
#.:..@....#..
......#.#........#
##.###.#.#........#
..............
.#########...## ..
....^ ####


There were no monsters in sight!

Vanquished Creatures
  Snorg (D:10)
  A two-headed ogre (D:8)
  The ghost of mortz the Arsonist, a novice DrFE of Vehumet (D:8)
  Pikel (D:6)
  Maggie (D:9)
  The ghost of Malificent the Skirmisher, an amateur OgGl (D:3)
  A hornet (D:8)
  A ynoxinul (D:8)
  Eustachio (D:4)
  A wraith (D:6)
  6 yaks (D:9)
  A steam dragon (D:8)
  3 acid dragons (D:9)
  2 water moccasins
  3 ice beasts
  4 orc warriors
  Pargi (Sewer)
  A sky beast (D:6)
  4 black bears
  A necrophage (D:5)
  5 ogres
  4 centaurs
  3 phantoms
  A lemure (D:6)
  A kobold brigand (D:9)
  A gnoll sergeant (D:7)
  4 bullfrogs
  A scorpion (D:5)
  A howler monkey (D:6)
  7 wights
  2 centaur zombies
  3 hounds
  6 jellies
  3 orc priests
  2 centaur skeletons
  2 gnoll shamans
  An iguana (D:6)
  4 orc wizards
  A killer bee zombie (D:9)
  A hound skeleton (D:4)
  A howler monkey zombie (D:9)
  7 adders
  14 gnolls
  A howler monkey skeleton (D:4)
  A shadow imp (D:5)
  A white imp (D:8)
  An ufetubus (D:5)
  2 adder skeletons
  A worm (D:4)
  A dart slug (D:4)
  30 orcs
  5 ball pythons
  8 endoplasms
  4 giant cockroaches
  7 goblins
  8 hobgoblins
  4 jackals
  12 kobolds
  8 quokkas
  11 bats
  4 frilled lizards
  5 rats
  A bush (D:8)
226 creatures vanquished.

Vanquished Creatures (others)
  A fungus (D:1)
  2 plants
3 creatures vanquished.

Grand Total: 229 creatures vanquished

Notes
Turn   | Place    | Note
-------+----------+-------------------------------------------
     0 | D:1      | boopmooplesden the Minotaur Berserker began the quest for
                  | the Orb.
     0 | D:1      | Reached XP level 1. HP: 19/19 MP: 0/0
   102 | D:1      | Found a faded altar of an unknown god.
   279 | D:1      | Reached XP level 2. HP: 27/27 MP: 1/1
   390 | D:1      | Reached skill level 4 in Long Blades
   921 | D:1      | Found Tuopel's Book Shoppe.
   926 | D:1      | Reached ** piety under Trog
   984 | D:2      | Reached XP level 3. HP: 33/33 MP: 2/2
  1341 | D:2      | Reached skill level 5 in Long Blades
  1341 | D:2      | Reached XP level 4. HP: 34/41 MP: 3/3
  1582 | D:2      | Noticed a phantom
  1611 | D:2      | Killed a phantom
  1612 | D:2      | Reached XP level 5. HP: 21/47 MP: 4/4
  1972 | D:2      | Found a bloodstained altar of Trog.
  2042 | D:2      | Reached skill level 5 in Fighting
  2252 | D:3      | Found a runed translucent gate.
  2253 | D:3      | Found a runed translucent gate.
  2254 | D:3      | Found a runed translucent gate.
  2256 | D:3      | Noticed Malificent's ghost (amateur OgGl)
  2267 | D:3      | Killed Malificent's ghost
  2268 | D:3      | Reached skill level 6 in Long Blades
  2268 | D:3      | Reached XP level 6. HP: 57/57 MP: 5/5
  2413 | D:3      | Found a glowing drain.
  2418 | Sewer    | Entered a sewer
  2443 | Sewer    | Noticed Pargi
  2453 | Sewer    | Killed Pargi
  2454 | Sewer    | Reached skill level 1 in Stealth
  2454 | Sewer    | Reached XP level 7. HP: 54/62 MP: 6/6
  3544 | D:4      | Identified the +6 long sword of Foul Odours {vorpal, rN+
                  | Int+3}
  3596 | D:4      | Reached skill level 1 in Axes
  3609 | D:4      | Reached skill level 7 in Long Blades
  4097 | D:4      | Reached *** piety under Trog
  4105 | D:4      | Noticed Eustachio
  4153 | D:4      | Killed Eustachio
  4154 | D:4      | Reached XP level 8. HP: 33/71 MP: 7/7
  4649 | D:4      | Found a burning altar of Makhleb.
  4664 | D:4      | Reached skill level 8 in Long Blades
  4839 | D:5      | Entered Level 5 of the Dungeon
  5228 | D:5      | Reached skill level 5 in Dodging
  5233 | D:5      | Reached skill level 9 in Long Blades
  5452 | D:5      | Reached skill level 5 in Armour
  5452 | D:5      | Reached XP level 9. HP: 55/79 MP: 8/8
  5693 | D:6      | Found a staircase to the Ecumenical Temple.
  5872 | D:6      | Noticed Pikel
  5884 | D:6      | Killed Pikel
  5885 | D:6      | Reached skill level 10 in Long Blades
  5970 | D:6      | Found Ziblaa's Armour Shoppe.
  6570 | D:7      | Reached skill level 11 in Long Blades
  6657 | D:7      | Reached **** piety under Trog
  6878 | D:7      | Found an ancient bone altar of Kikubaaqudgha.
  6878 | D:7      | Found a hide-covered altar of Uskayaw.
  6885 | D:7      | Found an ornate altar of the Wu Jian Council.
  6887 | D:7      | Found a bloodstained altar of Trog.
  6894 | D:7      | Found a glowing golden altar of the Shining One.
  6972 | D:7      | Reached XP level 10. HP: 85/90 MP: 9/9
  7297 | D:8      | Found a white marble altar of Elyvilon.
  7357 | D:8      | Found a runed translucent door.
  7359 | D:8      | Identified the +4 helmet of the Iron Devil {Str+4 Stlth+}
  7547 | D:8      | Found Ejyez's Book Emporium.
  7556 | D:8      | Noticed a two-headed ogre
  7562 | D:8      | Killed a two-headed ogre
  7563 | D:8      | Reached skill level 12 in Long Blades
  7973 | D:8      | Noticed mortz's ghost (novice DrFE)
  8511 | D:8      | Killed mortz's ghost
  8765 | D:9      | Reached skill level 10 in Fighting
  8769 | D:9      | Reached skill level 13 in Long Blades
  8866 | D:9      | Found a basalt altar of Yredelemnul.
  9210 | D:9      | Found a transporter.
  9269 | D:9      | Noticed Maggie
  9281 | D:9      | Killed Maggie
  9282 | D:9      | Reached XP level 11. HP: 51/99 MP: 10/10
  9602 | D:9      | Identified the +0 leather armour "Zakhel" {Int+9 Dex-5}
  9646 | D:9      | Found a transporter.
 10076 | D:10     | Entered Level 10 of the Dungeon
 10076 | D:10     | Found a broken altar of Ashenzari.
 10078 | D:10     | Noticed Snorg
 10090 | D:10     | Killed Snorg
 10107 | D:10     | HP: 4/101 [something (9)]
 10107 | D:10     | HP: 1/101 [something (3)]
 10108 | D:10     | Slain by an unseen horror

Illustrated notes

Levels and vault maps discovered:
D:1:      dpeg_arrival_fog, layout_loops_cross, serial_shops,
          nicolae_shop_temple_entry_statues_fountains,
          shapermc_ecumenical_altar_mp_ritualfount, minmay_domino_4
D:2:      layout_basic, basic_altar, chequers_serial_rivers_room_b, minmay_puff
D:3:      layout_basic, gup_sewer_entry_bowl, ebering_ghost_rock_garden
D:4:      cheibrodos_pilgrimage, layout_basic,
          nicolae_concentric_dashed_squares_wild, minmay_misc_feat_alley,
          minivault_1, minmay_ruined_shrine, uniq_eustachio
D:5:      layout_loops_ring, minmay_misc_feat_doors,
          hangedman_decor_diamond_cutter
D:6:      layout_rooms, minmay_temple_entry_trees, serial_shops,
          nicolae_inconvenience_store, uniq_pikel
D:7:      layout_basic, chequers_temple_overflow_minitemple
D:8:      layout_layer_cave, mainiacjoe_overflow_catwalk, serial_shops,
          shop_statue, hellmonk_ghost_big_iron, nrook_mini_backslash
D:9:      gammafunk_cloud_chamber, layout_gridville,
          mainiacjoe_overflow_six_doors_small, uniq_maggie
D:10:     minmay_tri_box, layout_basic, lemuel_doored_altar, slow_altar_1,
          overflow_temple_1_default, enter_bailey_6, serial_bayou_lake_a,
          uniq_snorg

Skill      XL: |  1  2  3  4  5  6  7  8  9 10 11 |
---------------+----------------------------------+-----
Fighting       | 4 5 6 7 8 10 | 10.5
Long Blades    | 4 5 6 7 9 11 13 | 13.4
Armour         | 3 4 5 6 9 |  9.4
Dodging        | 3 4 5 6 |  6.7
Stealth        | 1 2 3 4 |  4.1
Axes           | 2 3 |  3.4
Throwing       | |  0.3

Action                   |  1- 3 |  4- 6 |  7- 9 | 10-12 || total
-------------------------+-------+-------+-------+-------++-------
Melee: Falchion          |    65 |    54 |     6 |       ||   125
       Headbutt          |    10 |     6 |    34 |    38 ||    88
       Punch             |     1 |       |     5 |     5 ||    11
       Long sword        |       |       |   179 |   162 ||   341
       Broad axe         |       |       |    24 |       ||    24
Throw: Javelin           |     3 |       |       |       ||     3
Invok: Berserk           |     1 |     2 |     6 |     5 ||    14
       Trog's Hand       |       |       |     1 |       ||     1
  Use: Scroll            |       |       |     9 |     3 ||    12
       Potion            |       |       |     2 |     1 ||     3
 Stab: Sleeping          |       |     1 |     5 |     1 ||     7
Armor: Animal skin       |     9 |       |       |       ||     9
       Leather armour    |     8 |    26 |    30 |       ||    64
       Chain mail        |       |       |    55 |    46 ||   101
       Steam dragon scal |       |       |       |    44 ||    44
Dodge: Dodged            |    30 |    51 |   147 |   130 ||   358
